 Dungeon Crawl Stone Soup version 0.28.0-53-g5a82cb258f (webtiles) character file.

Game seed: 12538221774517356495

127 Descartes the Grasshopper (level 4, 0/44 HPs)
             Began as a Troll Warper on June 8, 2022.
             Slain by an adder (3 damage)
             ... on level 3 of the Dungeon.
             The game lasted 00:02:12 (1576 turns).

Descartes the Grasshopper (Troll Warper)            Turns: 1576, Time: 00:02:12

Health: 0/44       AC:  5    Str: 19    XL:     4   Next: 85%
Magic:  4/4        EV:  9    Int: 11    God:
Gold:   61         SH:  0    Dex:  9    Spells: 5/5 levels left

rFire   . . .      SeeInvis .   j - +2 quarterstaff (chaos)
rCold   . . .      Faith    .   (shield currently unavailable)
rNeg    . . .      Spirit   .   b - +0 robe
rPois   .          Reflect  .   (helmet restricted)
rElec   .          Harm     .   k - +0 cloak
rCorr   .          Rampage  .   (gloves unavailable)
Will    .....                   (boots unavailable)
Stlth   +.........              (no amulet)
HPRegen 0.94/turn               (no ring)
MPRegen 0.09/turn               (no ring)

@: lethally poisoned (0 -> -1)
A: large, unfitting armour, claws 3, regeneration 1, shaggy fur 1, tough skin 1
a: no special abilities


You were on level 3 of the Dungeon.
You visited 1 branch of the dungeon, and saw 3 of its levels.

You collected 61 gold pieces.

Inventory:

Hand Weapons
 a - a +0 mace
 j - a +2 quarterstaff of chaos (weapon)
Missiles
 d - 5 boomerangs of dispersal (quivered)
 g - 36 stones
Armour
 b - a +0 robe (worn)
 k - a +0 cloak (worn)
Jewellery
 e - a +6 ring of strength
Scrolls
 c - 2 scrolls of blinking
 f - 2 scrolls of teleportation {unknown}
 i - a scroll of magic mapping {unknown}
 l - a scroll of noise {unknown}
Potions
 h - a potion of flight {unknown}
 m - a potion of heal wounds {unknown}


   Skills:
 + Level 2.7 Fighting
 + Level 3.0 Maces & Flails
 + Level 0.1(1.5) Staves
 - Level 0.8 Throwing
 - Level 1.9 Dodging
 - Level 1.2 Spellcasting
 + Level 3.0 Translocations


You had 5 spell levels left.
You didn't know any spells.
Your spell library contained the following spells:

 Spells                   Type           Power      Damage    Failure   Level
 Blink                    Tloc           14%        N/A       14%         2
 Gell's Gravitas          Tloc           7%         N/A       26%         3
 Lesser Beckoning         Tloc           7%         N/A       26%         3
 Teleport Other           Tloc           7%         N/A       26%         3
 Manifold Assault         Tloc           7%         N/A       94%         5


Dungeon Overview and Level Annotations

Branches:
Dungeon (3/15)

Altars:
Wu Jian

Shops:
D:2 !


Innate Abilities, Weirdness & Mutations

You are too large for most types of armour.
You have claws for hands.
Your natural rate of healing is unusually fast.
You are covered in fur. (AC +1)
You have tough skin. (AC +1)


Message History

You see here a hobgoblin corpse.
An adder comes into view.
The centaur shoots an arrow.
The arrow hits you!
Found an escape hatch in the floor.
The dart slug completely misses you.
You completely miss the dart slug.
The centaur shoots an arrow.
The arrow closely misses you.
You hit the iguana. You burn the iguana.
The iguana is lightly wounded.
The centaur shoots an arrow.
The arrow closely misses you.
The iguana bites you but does no damage.
The dart slug bites you.
The centaur shoots an arrow.
The arrow barely misses you.
You barely miss the iguana.
The iguana is lightly wounded.
The centaur shoots an arrow.
The arrow hits you. The iguana completely misses you.
The dart slug launches a dart at you. The slug dart hits you.
The centaur shoots an arrow.
The arrow barely misses you. The adder bites you.
You are poisoned.
The adder poisons you! The iguana bites you!
You are too injured to fight recklessly!
You are too injured to fight recklessly!
You are too injured to fight recklessly!
You are too injured to fight recklessly!
You are too injured to fight recklessly!
You are too injured to fight recklessly!
You are too injured to fight recklessly!
You are too injured to fight recklessly!
You are too injured to fight recklessly!
You are too injured to fight recklessly!
You are too injured to fight recklessly!
You are too injured to fight recklessly!
You are too injured to fight recklessly!
You are too injured to fight recklessly!
You feel sick.
The centaur shoots an arrow.
The arrow hits you.
You feel sick.
The centaur shoots an arrow.
The arrow hits you!
* * * LOW HITPOINT WARNING * * *
The adder bites you.
You die...

#.. ..... .......
#...#...##...c....
....#.............
....:............
...............###
........$........#
.#.............#[.
.......lS†........
####...w.@<...>##
#...........#
#..####.######
#... #.# >..# ..#
### .### #


You could see a centaur, an iguana, an adder and a dart slug.

Vanquished Creatures
  Crazy Yiuf (D:2)
  Natasha (twice) (D:2)
  2 adders (D:2)
  2 dart slugs
  2 endoplasms
  2 giant cockroaches (D:2)
  2 goblins
  4 hobgoblins
  2 kobolds
  2 quokkas (D:1)
  2 ball pythons
  A bat (D:1)
  A frilled lizard (D:1)
  6 rats
31 creatures vanquished.

Notes
Turn   | Place    | Note
-------+----------+-------------------------------------------
     0 | D:1      | Descartes the Troll Warper began the quest for the Orb.
     0 | D:1      | Reached XP level 1. HP: 19/19 MP: 1/1
   267 | D:1      | Reached XP level 2. HP: 28/28 MP: 2/2
   400 | D:1      | Found a faded altar of an unknown god.
   810 | D:2      | Found Irghecu's Distillery.
   873 | D:2      | Noticed Natasha
   878 | D:2      | Noticed a crimson imp
   883 | D:2      | Noticed a crimson imp
   888 | D:2      | Killed Natasha
   889 | D:2      | Reached XP level 3. HP: 23/35 MP: 3/3
   935 | D:2      | Noticed Natasha
   940 | D:2      | Killed Natasha
   941 | D:2      | Reached XP level 4. HP: 44/44 MP: 4/4
  1038 | D:2      | Found a runed translucent door.
  1039 | D:2      | Noticed Crazy Yiuf
  1069 | D:2      | Killed Crazy Yiuf
  1317 | D:2      | Found an ornate altar of the Wu Jian Council.
  1567 | D:3      | Noticed a centaur
  1576 | D:3      | Slain by an adder

Illustrated notes

Levels and vault maps discovered:
D:1:      dpeg_arrival_central, layout_loops_ring,
          ebering_ecumenical_altar_sacrificial, kennysheep_flooded_box
D:2:      layout_basic, basic_altar, serial_shops, shop,
          minmay_fractal_squares_gapless_5, uniq_natasha,
          uniq_crazy_yiuf_cottage
D:3:      layout_rooms, cheibriados_altar_1, uniq_sigmund

Skill      XL: |  1  2  3  4 |
---------------+-------------+-----
Maces & Flails | 2 3 |  3.0
Fighting       | 2 |  2.7
Translocations | 3 |  3.0
Staves         | |  0.1
Throwing       | |  0.8
Dodging        | |  1.9
Spellcasting   | |  1.2

Action                   |  1- 3 |  4- 6 || total
-------------------------+-------+-------++-------
Melee: Mace              |    73 |    19 ||    92
       Punch             |     1 |       ||     1
       Quarterstaff      |       |    17 ||    17
Armor: Robe              |    38 |     8 ||    46
Dodge: Dodged            |    37 |    31 ||    68
